 Dungeon Crawl Stone Soup version 0.23-a0-261-g133332c (webtiles) character file.

47 Amnesiac the Insei (level 3, 19/28 HPs)
             Began as a Demigod Transmuter on Sept 30, 2018.
             Quit the game on level 3 of the Dungeon.
             The game lasted 00:01:43 (1163 turns).

Amnesiac the Insei (Demigod Transmuter)             Turns: 1163, Time: 00:01:43

Health: 19/28      AC:  2    Str: 13    XL:     3   Next: 29%
Magic:  8/8        EV: 13    Int: 19    God:
Gold:   79         SH:  0    Dex: 16    Spells: 0/6 levels left

rFire    . . .     SeeInvis .     - Unarmed
rCold    . . .     Gourm    .   (no shield)
rNeg     . . .     Faith    .   b - +0 robe
rPois    .         Spirit   .   (no helmet)
rElec    .         Reflect  .   (no cloak)
rCorr    .         Harm     .   (no gloves)
MR       .....                  (boots currently unavailable)
Stlth    +.........             (no amulet)
HPRegen  0.09/turn              m - ring of flight
MPRegen  0.11/turn              (no ring)

@: appendage (expiring)
A: talons 3, high mp 1
a: End Transformation, Evoke Flight


You were on level 3 of the Dungeon.
You were not hungry.
You had grown temporary talons.
You visited 1 branch of the dungeon, and saw 3 of its levels.

You collected 79 gold pieces.

Inventory:

Missiles
 a - 11 arrows
Armour
 b - a +0 robe (worn)
Jewellery
 m - a ring of flight (left hand)
Scrolls
 c - 3 scrolls of remove curse {!r, unknown}
 e - a scroll of random uselessness {!r, unknown}
 f - a scroll of noise {!r, unknown}
 h - a scroll of amnesia {!r, unknown}
Potions
 g - 2 potions of ambrosia {!q, unknown}
 i - a potion of berserk rage {!q, unknown}
 j - a potion of flight {!q, unknown}
 l - 2 potions of degeneration {!q, unknown}
Comestibles
 d - 5 rations
 k - a chunk of flesh


   Skills:
 - Level 1.0 Fighting
 - Level 2.0 Dodging
 - Level 3.0 Unarmed Combat
 + Level 2.2 Spellcasting
 * Level 2.7 Transmutations


You couldn't memorise any spells.
You knew the following spells:

 Your Spells              Type           Power        Failure   Level  Hunger
a - Beastly Appendage     Tmut           ##....       5%          1    #......
b - Sticks to Snakes      Tmut           ##......     8%          2    ##.....
c - Spider Form           Tmut/Pois      #.........   28%         3    ###....

Your spell library contained the following spells:

 Spells                   Type           Power        Failure   Level  Hunger
 Ice Form                 Ice/Tmut       #.......     67%         4    #####..
 Blade Hands              Tmut           ##........   82%         5    ######.


Dungeon Overview and Level Annotations

Branches:
Dungeon (3/15)

Annotations:
D:2 Natasha


Innate Abilities, Weirdness & Mutations

You have an increased reservoir of magic. (+10% MP)
You have claws for feet.


Message History

The ball python constricts you.
You completely miss the ball python. The ball python closely misses you.
The ball python constricts you.
You hit the ball python but do no damage.
The ball python bites you but does no damage.
The ball python constricts you. The goblin closely misses you.
You hit the ball python.
The ball python is moderately wounded.
The ball python bites you but does no damage.
The ball python constricts you. The goblin hits you.
You hit the ball python.
You kill the ball python!
The goblin barely misses you.
You hit the goblin.
You kill the goblin!
No target in view!
No target in view!
You see here a dart slug corpse.
You butcher the dart slug corpse.
k - 2 chunks of flesh Your transformation is almost over.
Eating one of 2 chunks of flesh.
You eat one of the 2 chunks of flesh.
This raw flesh tastes terrible.
Memorise Spider Form, consuming 3 spell levels and leaving 0?
You start memorising the spell.
You continue memorising. x3
You finish memorising.
Spell assigned to 'c'.
Things that are here:
a hunting sling; 20 stones
g - 2 inky potions {!q} (gained 1)
You see here 10 stones.
Your horns disappear.
Things that are here:
a hunting sling; 20 stones An orc comes into view.
It is wielding a mace.
An orc is nearby!
An orc is nearby!
Casting: Beastly Appendage (safe; 5% risk of failure)
Confirm with . or Enter, or press ? or * to list all spells.
Your feet morph into talons.
A giant cockroach comes into view.
You see here 13 gold pieces.
A bat and a quokka come into view.
You barely miss the orc. You claw the orc.
The orc is heavily wounded.
The orc barely misses you.
You hit the orc but do no damage. You claw the orc.
You kill the orc!
The bat barely misses you.
You hit the bat.
You kill the bat!
The giant cockroach barely misses you.
Things that are here:
a mace; a chain mail; an orc corpse You hit the giant cockroach.
The giant cockroach is severely wounded.
The giant cockroach closely misses you.
You hit the giant cockroach.
You kill the giant cockroach!
Your transformation is almost over.
The quokka barely misses you.
You hit the quokka.
You kill the quokka!
No target in view!
Are you sure you want to abandon this character and quit the game? (Confirm

..# #.# #. .. #.# #.# .
#.# #.# .# #.###.##.
#.#..... ##.#.##.# #
##########.#..##[#.#.###
.........(.)..$.@.......
##....<....#..##......#.
#..#####.#.#.##......#
... #.###.........# #
... ............
#############.... ##.#
..


There were no monsters in sight!

Vanquished Creatures
  An adder (D:2)
  An ooze (D:1)
  A dart slug (D:3)
  A leopard gecko (D:1)
  An orc (D:3)
  2 giant cockroaches
  A goblin (D:3)
  5 hobgoblins
  4 kobolds
  A quokka (D:3)
  A ball python (D:3)
  5 bats
  2 frilled lizards (D:1)
  2 rats (D:2)
  3 toadstools (D:1)
31 creatures vanquished.

Vanquished Creatures (others)
  A toadstool (D:1)
1 creature vanquished.

Grand Total: 32 creatures vanquished

Notes
Turn   | Place    | Note
-------+----------+-------------------------------------------
     0 | D:1      | Amnesiac the Demigod Transmuter began the quest for the
                  | Orb.
     0 | D:1      | Reached XP level 1. HP: 15/15 MP: 5/5
   104 | D:1      | Reached skill level 1 in Fighting
   319 | D:1      | Reached XP level 2. HP: 14/23 MP: 5/7
   323 | D:1      | Learned a level 2 spell: Sticks to Snakes
  1048 | D:2      | Noticed Natasha
  1050 | D:2      | Reached skill level 3 in Unarmed Combat
  1050 | D:2      | Reached XP level 3. HP: 16/28 MP: 4/8
  1144 | D:3      | Learned a level 3 spell: Spider Form
  1163 | D:3      | Quit the game

Vault maps used:
D:1:      ldierk_water_garden
D:2:      uniq_natasha
D:3:      wad_crossroads, first_ration, palyth_stone_intersect,
          okawaru_altar_gauntlet_db

Skill      XL: |  1  2 |
---------------+-------+-----
Fighting       | 1 |  1.0
Transmutations | 2 |  2.7
Dodging        | 2 |  2.0
Spellcasting   | 2 |  2.2
Unarmed Combat | 3 |  3.0

Action                   || total
-------------------------++-------
Melee: Unarmed           ||    78
       Kick              ||    11
       Headbutt          ||     2
       Punch             ||     1
 Cast: Beastly Appendage ||    18
       Sticks to Snakes  ||     1
  Eat: Chunk             ||     1
Armor: Robe              ||    14
Dodge: Dodged            ||    56

Table legend:
 A = Non-vault XP
 B = Vault XP
 C = Vault XP percentage of total XP
 D = Non-vault monster count
 E = Vault monster count
 F = Vault count percentage of total count
                 A         B        C        D         E       F
            +---------+---------+-------+---------+---------+-------
      Total |      68 |       0 |   0.0 |      28 |       0 |   0.0
            +---------+---------+-------+---------+---------+-------
        D:1 |      27 |       0 |   0.0 |      12 |       0 |   0.0
        D:2 |      25 |       0 |   0.0 |       9 |       0 |   0.0
        D:3 |      16 |       0 |   0.0 |       7 |       0 |   0.0
            +---------+---------+-------+---------+---------+-------
